 Dungeon Crawl Stone Soup version 0.20.1-1-g8b1a95d (webtiles) character file.

70 lewisa201111 the Skirmisher (level 4, -2/29 HPs)
             Began as a Gargoyle Berserker on Dec 23, 2017.
             Was a Follower of Trog.
             Slain by a gnoll
             ... wielding a +0 halberd
              (11 damage)
             ... on level 3 of the Dungeon.
             The game lasted 00:12:01 (1402 turns).

lewisa201111 the Skirmisher (Gargoyle Berserker)    Turns: 1402, Time: 00:12:10

Health: -2/29      AC:  8    Str: 22    XL:     4   Next: 21%
Magic:  4/4        EV: 12    Int:  7    God:    Trog [*.....]
Gold:   41         SH:  0    Dex:  9    Spells: 3/3 levels left

rFire    . . .     SeeInvis .   a - +0 hand axe
rCold    . . .     Gourm    .   (no shield)
rNeg     + . .     Faith    .   b - +0 animal skin
rPois    ∞         Spirit   .   (no helmet)
rElec    +         Reflect  .   (no cloak)
rCorr    .         Harm     .   (no gloves)
MR       ++...                  m - +2 pair of boots
Stlth    +.........             (no amulet)
Regen    1.1/turn               (no ring)
MPRegen  0.1/turn               (no ring)

@: berserk cooldown, regenerating, slowed, very slow
A: negative energy resistance 1, electricity resistance, unbreathing,
petrification resistance, rot immunity, AC +3
a: Berserk, Burn Spellbooks, Renounce Religion


You were on level 3 of the Dungeon.
You worshipped Trog.
Trog was aware of your devotion.
You were not hungry.

You visited 1 branch of the dungeon, and saw 3 of its levels.

You collected 41 gold pieces.

Inventory:

Hand Weapons
 a - a +0 hand axe (weapon)
 h - a +0 mace
 i - a +0 club
Missiles
 e - 48 stones (quivered)
Armour
 b - a +0 animal skin (worn)
 f - a +0 leather armour
 m - a +2 pair of boots (worn)
Jewellery
 d - a cursed -3 ring of slaying {unknown}
Potions
 g - 2 potions of lignification
 k - a potion of flight


   Skills:
 + Level 4.1 Fighting
 + Level 3.4(3.5) Axes
 + Level 0.2(2.3) Maces & Flails
 + Level 2.3 Armour
 + Level 2.0 Dodging
 + Level 0.5 Stealth


You had 3 spell levels left.
You didn't know any spells.

Dungeon Overview and Level Annotations

Branches:
Dungeon (3/15)

Altars:
Uskayaw


Innate Abilities, Weirdness & Mutations

You are resistant to torment.
Your stone body is resilient. (AC +3)
You are immune to poison.
You resist negative energy. (rN+)
You are resistant to electric shocks. (rElec)
You can survive without breathing.
You are immune to petrification.
You are immune to rotting.


Message History

The gnoll barely misses you.
A jackal comes into view.
Your skin crawls.
You feel resistant to hostile enchantments.
You feel somewhat more hungry. The gnoll completely misses you.
The gnoll misses you.
You're still recovering from your berserk rage.
You hit the gnoll.
The gnoll is heavily wounded.
You hit the gnoll. The gnoll barely misses you.
The gnoll hits you but does no damage. The gnoll closely misses you.
You're still recovering from your berserk rage.
You're still recovering from your berserk rage.
Your skin crawls.
You feel resistant to hostile enchantments.
You feel somewhat more hungry.
You can no longer call upon Trog for regeneration and protection from hostile enchantments.
The gnoll hits you but does no damage. The gnoll hits you with a halberd.
The gnoll hits you but does no damage. The gnoll hits you with a halberd!
You die...

...†...'..#.......
)###)..##.#..##.#.#
...#...##.........#
...#...###....#.##
...##### #.[..#.# ...#
##...#.# +### #...#.#
.##########...#.###S#.##
[.............#.@ghS...(
........[...>##g###.#...
...............h.......
.###########.######.###
.# #.# .# #.#
.###########.#
.............#
....##########


You could see 2 gnolls, 2 adders and 2 jackals.

Vanquished Creatures
  A gnoll (D:3)
  An adder (D:2)
  An ooze (D:1)
  A worm (D:2)
  A dart slug (D:1)
  2 leopard geckos
  4 orcs (D:3)
  A giant cockroach (D:1)
  4 goblins (D:1)
  3 hobgoblins
  A jackal (D:3)
  A ball python (D:1)
  6 bats
  4 frilled lizards
  3 kobolds (D:1)
  3 rats
37 creatures vanquished.

Notes
Turn   | Place    | Note
-------+----------+-------------------------------------------
     0 | D:1      | lewisa201111 the Gargoyle Berserker began the quest for the Orb.
     0 | D:1      | Reached XP level 1. HP: 14/14 MP: 1/1
     9 | D:1      | Noticed a bullfrog
   372 | D:1      | Reached XP level 2. HP: 18/19 MP: 2/2
   882 | D:1      | Reached XP level 3. HP: 21/24 MP: 3/3
  1147 | D:3      | Reached skill level 4 in Fighting
  1270 | D:3      | Noticed an enchanted dagger
  1271 | D:3      | Noticed a dagger
  1280 | D:3      | Found a hide-covered altar of Uskayaw.
  1286 | D:3      | Reached XP level 4. HP: 27/29 MP: 4/4
  1363 | D:3      | Reached ** piety under Trog
  1402 | D:3      | Slain by a gnoll

Skill      XL: |  1  2  3 |
---------------+----------+-----
Axes           | 3 |  3.4
Dodging        | 2 |  2.0
Fighting       | 4 |  4.1
Maces & Flails | |  0.2
Armour         | |  2.3
Stealth        | |  0.5

Action                   |  1- 3 |  4- 6 || total
-------------------------+-------+-------++-------
Melee: Hand axe          |    78 |    10 ||    88
       Mace              |     4 |       ||     4
Invok: Berserk           |     2 |     1 ||     3
       Trog's Hand       |       |     2 ||     2
  Use: Potion            |     2 |     1 ||     3
       Scroll            |     5 |       ||     5
  Eat: Bread ration      |     1 |       ||     1
       Royal jelly       |     1 |       ||     1
       Chunk             |     1 |       ||     1
Armor: Animal skin       |    53 |    11 ||    64
       Skin              |     7 |       ||     7
Dodge: Dodged            |   106 |    17 ||   123
